 Dungeon Crawl Stone Soup version 0.25.1-9-gc5326a611f (webtiles) character file.

Game seed: 17674217987601010887

183 KamiKatze the Shield-Bearer (level 5, -3/42 HPs)
             Began as a Formicid Fighter on Dec 30, 2020.
             Killed by divine providence
             ... invoked by an orc priest
              (14 damage)
             ... on level 3 of the Dungeon.
             The game lasted 00:08:15 (2102 turns).

KamiKatze the Shield-Bearer (Formicid Fighter)      Turns: 2102, Time: 00:08:16

Health: -3/42      AC: 11    Str: 21    XL:     5   Next: 94%
Magic:  14/14      EV:  8    Int:  8    God:
Gold:   149        SH:  9    Dex: 10    Spells: 4/4 levels left

rFire    . . .     SeeInvis +   a - +2 hand axe (venom)
rCold    . . .     Gourm    .   c - +0 kite shield
rNeg     . . .     Faith    .   o - +0 scale mail
rPois    .         Spirit   .   (helmet unavailable)
rElec    .         Reflect  .   (no cloak)
rCorr    .         Harm     .   (no gloves)
MR       .....                  (no boots)
Stlth    ..........             s - amulet of magic regeneration
HPRegen  0.14/turn              n - ring of magical power
MPRegen  0.39/turn              x - +4 ring of protection

@: no status effects
A: permanent stasis, dig shafts and tunnels, four strong arms, antennae 3
a: Dig, Shaft Self


You were on level 3 of the Dungeon.
You were not hungry.

You visited 1 branch of the dungeon, and saw 3 of its levels.

You collected 149 gold pieces.

Inventory:

Hand Weapons
 a - a +2 hand axe of venom (weapon)
 b - a +0 war axe
Missiles
 i - 103 stones (quivered)
 t - 17 poisoned darts
Armour
 c - a +0 kite shield (worn)
 k - a +0 chain mail
 o - a +0 scale mail (worn)
Jewellery
 n - a ring of magical power (left hand)
 s - an amulet of magic regeneration (around neck)
 x - a +4 ring of protection (right hand)
 y - an uncursed amulet of the acrobat {unknown}
Scrolls
 e - a scroll of blinking {unknown}
 g - 3 scrolls of identify {unknown}
 l - a scroll of fear {unknown}
 p - 3 scrolls of teleportation {unknown}
 q - a scroll of enchant armour {unknown}
 r - 2 scrolls of magic mapping {unknown}
 v - a scroll of remove curse {unknown}
 D - a scroll of amnesia {unknown}
Potions
 d - 2 potions of might
 h - a potion of curing {unknown}
 j - a potion of degeneration {unknown}
 m - a potion of haste {unknown}
 u - a potion of brilliance {unknown}
 w - a potion of magic {unknown}
 A - a potion of heal wounds {unknown}
 B - a potion of lignification {unknown}
 C - a potion of ambrosia {unknown}
Comestibles
 f - 6 rations
 z - 3 chunks of flesh


   Skills:
 + Level 3.8 Fighting
 * Level 3.2 Axes
 * Level 2.3 Throwing
 + Level 3.7 Armour
 - Level 1.0 Dodging
 * Level 4.7 Shields


You had 4 spell levels left.
You didn't know any spells.
Your spell library contained the following spells:

 Spells                   Type           Power        Failure   Level  Hunger
 Beastly Appendage        Tmut           #.....       96%         1    ##.....
 Sticks to Snakes         Tmut           #.......     99%         2    ###....
 Spider Form              Tmut/Pois      #.........   100%        3    ####...
 Ice Form                 Ice/Tmut       #.......     100%        4    #####..
 Blade Hands              Tmut           #.........   100%        5    ######.


Dungeon Overview and Level Annotations

Branches:
Dungeon (3/15)

Altars:
Vehumet
Yredelemnul


Innate Abilities, Weirdness & Mutations

You cannot be hasted, slowed, berserked, paralysed or teleported.
You can dig through walls and to a lower floor.
Your four strong arms can wield two-handed weapons with a shield.
You have a pair of large antennae on your head. (SInv)


Message History

The orc hits you.
* * * LOW HITPOINT WARNING * * *
You hit the orc.
The orc is poisoned.
The orc is moderately wounded.
The orc priest miscasts a cantrip.
The orc closely misses you.
You hit the orc.
The orc looks even sicker.
The orc is almost dead.
You kill the orc!
Unknown command.
You hit the orc.
The orc is poisoned.
The orc is moderately wounded.
The orc hits you but does no damage.
You slash the orc!
You kill the orc!
You slash the orc!
You kill the orc!
The orc priest calls down the wrath of Beogh upon you.
Beogh smites you!
You die...

.. #. #.
#.###. .##
#..... ...
##.#.# ..#
#.###. #.#
##.#.# #.#
#########...##
#o#
#............#
#@#
#.............
#.#
#.............
#.#
#.>...........
#.#
#.............
###.#
#.............
#.).#
#.............
#.###
#########...#.
#.# #.###.
###.####
#.....


You could see an orc priest.

Vanquished Creatures
  An orc priest (D:3)
  An orc wizard (D:3)
  5 adders (D:2)
  2 oozes (D:1)
  A worm (D:3)
  2 dart slugs (D:1)
  A leopard gecko (D:1)
  3 orcs (D:3)
  12 bats
  5 giant cockroaches
  7 goblins
  6 hobgoblins
  5 jackals
  A quokka (D:2)
  4 frilled lizards
  4 kobolds
  7 rats
67 creatures vanquished.

Notes
Turn   | Place    | Note
-------+----------+-------------------------------------------
     0 | D:1      | KamiKatze the Formicid Fighter began the quest for the Orb.
     0 | D:1      | Reached XP level 1. HP: 18/18 MP: 1/1
   105 | D:1      | Reached XP level 2. HP: 24/24 MP: 2/2
   256 | D:1      | Reached skill level 1 in Throwing
   318 | D:1      | Reached XP level 3. HP: 28/29 MP: 3/3
   675 | D:1      | Reached skill level 1 in Dodging
   684 | D:1      | Reached skill level 4 in Shields
   954 | D:1      | Reached XP level 4. HP: 29/35 MP: 4/4
  1217 | D:2      | Found a basalt altar of Yredelemnul.
  1301 | D:2      | Reached XP level 5. HP: 41/41 MP: 5/5
  1565 | D:2      | Found a radiant altar of Vehumet.
  2102 | D:3      | Killed from afar by an orc priest

Illustrated notes

Levels and vault maps discovered:
D:1:      dpeg_arrival_rooms_with_view, layout_basic
D:2:      layout_rooms, nicolae_overflow_crystal_walls,
          lemuel_coloured_pillars_altar
D:3:      layout_loops_cross, grunt_temple_overflow_open, first_ration

Skill      XL: |  1  2  3  4  5 |
---------------+----------------+-----
Throwing       | 1 2 |  2.3
Dodging        | 1 |  1.0
Shields        | 4 |  4.7
Axes           | 3 |  3.2
Fighting       | |  3.8
Armour         | |  3.7

Action                   |  1- 3 |  4- 6 || total
-------------------------+-------+-------++-------
Melee: War axe           |   104 |       ||   104
       Hand axe          |       |    82 ||    82
Throw: Stone             |       |     5 ||     5
  Eat: Chunk             |       |     4 ||     4
Armor: Scale mail        |    58 |    21 ||    79
Dodge: Dodged            |    36 |    23 ||    59
Block: Kite shield       |    70 |    53 ||   123
